 Dungeon Crawl Stone Soup version 0.28-a0-932-g843f935a50 (webtiles) character file.

Game seed: 4699518893067179412

128 Peloso the Shield-Bearer (level 4, 0/41 HPs)
             Began as a Minotaur Fighter on Nov 27, 2021.
             Slain by Natasha (1 damage)
             ... on level 2 of the Dungeon.
             The game lasted 00:03:38 (2174 turns).

Peloso the Shield-Bearer (Minotaur Fighter)         Turns: 2174, Time: 00:03:39

Health: 0/41       AC:  8    Str: 21    XL:     4   Next: 87%
Magic:  3/3        EV: 10    Int:  5    God:
Gold:   68         SH:  4    Dex: 10    Spells: 3/3 levels left

rFire   . . .      SeeInvis .   a - +0 long sword
rCold   . . .      Faith    .   c - +0 buckler
rNeg    . . .      Spirit   .   b - +0 scale mail
rPois   .          Reflect  .   (helmet restricted)
rElec   .          Harm     .   i - +0 cloak
rCorr   .          Rampage  .   (no gloves)
Will    .....                   (no boots)
Stlth   ..........              (no amulet)
HPRegen 0.13/turn               (no ring)
MPRegen 0.08/turn               (no ring)

@: no status effects
A: horns 2, retaliatory headbutt
a: no special abilities


You were on level 2 of the Dungeon.
You visited 1 branch of the dungeon, and saw 3 of its levels.

You collected 68 gold pieces.

Inventory:

Hand Weapons
 a - a +0 long sword (weapon)
Armour
 b - a +0 scale mail (worn)
 c - a +0 buckler (worn)
 i - a +0 cloak (worn)
Wands
 j - a wand of flame (10)
Scrolls
 e - a scroll of blinking {unknown}
 f - 2 scrolls of immolation
 g - a scroll of teleportation {unknown}
 l - a scroll of enchant armour {unknown}
Potions
 d - a potion of might
 h - a potion of experience
 k - a potion of lignification {unknown}


   Skills:
 + Level 4.3 Fighting
 + Level 4.0 Long Blades
 + Level 4.4 Armour
 + Level 0.7 Dodging
 + Level 0.1 Stealth
 + Level 4.5 Shields


You had 3 spell levels left.
You didn't know any spells.
Your spell library was empty.

Dungeon Overview and Level Annotations

Branches:
Dungeon (3/15)

Altars:
Xom

Annotations:
D:2 Natasha


Innate Abilities, Weirdness & Mutations

You have a pair of horns on your head.
You reflexively headbutt those who attack you in melee.


Message History

Natasha is severely wounded.
Natasha completely misses you.
Unknown command.
You slash Natasha!
You kill Natasha!
Natasha screams in pain as she dies!
Your Long Blades skill increases to level 4!
Unknown command.
You see here the felid corpse of Natasha.
You start resting.
Natasha, Servant of Life and Death comes into view.
Natasha is nearby!
Natasha mumbles some strange words.
You feel disoriented.
Natasha mumbles some strange words.
The white imp gestures at you. The puff of frost hits you!
Natasha mumbles some strange words.
The white imp hits you.
* * * LOW HITPOINT WARNING * * *
The white imp freezes you.
* * * LOW HITPOINT WARNING * * *
Natasha howls an incantation.
You feel troubled. Natasha claws you but does no damage.
You hit Natasha.
Natasha is lightly wounded.
The white imp completely misses you. You furiously retaliate!
You headbutt the white imp. Natasha claws you.
* * * LOW HITPOINT WARNING * * *
The crimson imp blinks!
Unknown command.
You hit Natasha but do no damage.
Natasha is lightly wounded.
The white imp grins evilly.
The white imp gestures at you. The puff of frost hits you.
* * * LOW HITPOINT WARNING * * *
Natasha claws you.
You die...

##############
##............#
#######...#########.#
#####...........## #.#
##...#.#####......### #.#
#......##..h5.......####.#
#.........##@.....#...##.#
#..........##..5.####.##.#
##.._...##<...(>......##.#
#......#####............####
#.....## ###.####.........
#######..#.# #.# #.########
.........#.########.# #.#
.#######)#......<...# #.# .#
#...........### #.#


You could see Natasha, a crimson imp (summoned) and a white imp (summoned).

Vanquished Creatures
  Natasha (D:2)
  Terence (D:2)
  3 adders (D:2)
  2 worms (D:2)
  A dart slug (D:1)
  3 endoplasms (D:1)
  4 giant cockroaches
  2 goblins
  5 hobgoblins
  2 quokkas (D:2)
  3 ball pythons (D:2)
  3 bats
  4 frilled lizards
  6 kobolds
  5 rats
45 creatures vanquished.

Notes
Turn   | Place    | Note
-------+----------+-------------------------------------------
     0 | D:1      | Peloso the Minotaur Fighter began the quest for the Orb.
     0 | D:1      | Reached XP level 1. HP: 19/19 MP: 0/0
   219 | D:1      | Reached XP level 2. HP: 27/27 MP: 1/1
  1008 | D:2      | Reached XP level 3. HP: 27/33 MP: 2/2
  1404 | D:2      | Reached XP level 4. HP: 36/40 MP: 3/3
  1452 | D:2      | Found a shimmering altar of Xom.
  1452 | D:2      | Noticed Terence
  1459 | D:2      | Killed Terence
  2076 | D:3      | Noticed Natasha
  2088 | D:2      | Killed Natasha
  2169 | D:2      | Noticed Natasha
  2174 | D:2      | HP: 1/41 [white imp/puff of frost[Natasha] (3)]
  2174 | D:2      | Slain by Natasha

Illustrated notes

Levels and vault maps discovered:
D:1:      doesnt_arrival_eight_statues, layout_loops_corners
D:2:      layout_loops_ring, basic_altar, minmay_heptomino_d4, uniq_terence
D:3:      layout_basic, uniq_natasha

Skill      XL: |  1  2  3  4 |
---------------+-------------+-----
Shields        | 4 |  4.5
Fighting       | 4 |  4.3
Armour         | 4 |  4.4
Long Blades    | 3 4 |  4.0
Dodging        | |  0.7
Stealth        | |  0.1

Action                   |  1- 3 |  4- 6 || total
-------------------------+-------+-------++-------
Melee: Long sword        |    91 |    27 ||   118
       Headbutt          |    15 |     2 ||    17
  Use: Scroll            |     3 |       ||     3
Armor: Scale mail        |    42 |     8 ||    50
Dodge: Dodged            |    41 |    16 ||    57
Block: Buckler           |    21 |     8 ||    29

Table legend: (Time is in decaauts)
 A = Elapsed time spent in this place.
 B = Non-inter-level travel time spent in this place.
 C = Inter-level travel time spent in this place.
 D = Time resting spent in this place.
 E = Time spent auto-exploring this place.
 F = Levels seen in this place.
 G = Mean time per level.
                   A        B        C        D        E       F      G
               +--------+--------+--------+--------+--------+-----+--------+
         Total |   2209 |   2173 |     36 |     80 |   1661 |   3 |  736.3 |
       Dungeon |   2209 |   2173 |     36 |     80 |   1661 |   3 |  736.3 |
               +--------+--------+--------+--------+--------+-----+--------+

Top non-repeatable levels by time:
     D:2: 1203 daAuts
     D:1: 934 daAuts
     D:3: 71 daAuts
